 Dungeon Crawl Stone Soup version 0.30-a0-772-g5528072125 (webtiles) character file.

Game seed: 12161073790177571244

189352 Pooter the Severer (level 17, -1/157 HPs)
             Began as a Minotaur Berserker on Feb 11, 2023.
             Was an Elder of Trog.
             Slain by a tyrant leech (22 damage)
             ... called by a spriggan druid
             ... on level 1 of the Swamp on Feb 12, 2023.
             The game lasted 03:34:35 (41688 turns).

Pooter the Severer (Minotaur Berserker)            Turns: 41688, Time: 03:34:36

Health: -1/157     AC: 26    Str: 22 (29) XL:     17   Next: 50%
Magic:  16/16      EV: 14    Int:  4 (8)  God:    Trog [****..]
Gold:   1298       SH:  5    Dex:  8 (10) Spells: 16/16 levels left

rFire   . . .      SeeInvis .    a - +4 broad axe (heavy)
rCold   . . .      Faith    .    (no shield)
rNeg    . . .      Spirit   .    L - +2 storm dragon scales {Bai Suzhen}
rPois   +          Reflect  +    y - +0 hat {Int+3}
rElec   +          Harm     .    B - scarf {repulsion}
rCorr   .          Rampage  .    c - +3 pair of gauntlets of War {Slay+5}
Will    +++..      Rage     3%   Z - +2 pair of boots Stlth
                                 Y - amulet of reflection
HPRegen 1.46/turn                P - ring of poison resistance
MPRegen 0.15/turn                J - +5 ring of evasion

@: strong-willed, regenerating, repel missiles
A: horns 2, retaliatory headbutt, berserk 1, clumsy 1, strong 1
}: 1/15 runes: gossamer
a: Renounce Religion, Berserk, Trog's Hand, Brothers in Arms


You were on level 1 of the Swamp.
You worshipped Trog.
Trog was greatly pleased with you.
You visited 6 branches of the dungeon, and saw 28 of its levels.
You also visited: Ice Cave.

You collected 2951 gold pieces.
You spent 1653 gold pieces at shops.

Inventory:

Hand Weapons
 a - a +4 heavy broad axe (weapon)
   (You took it off a death knight on level 14 of the Dungeon)
 b - a +4 arbalest of electrocution
   (You bought it in a shop on level 2 of the Orcish Mines)
 g - a +5 heavy shortbow
   (You took it off a centaur warrior on level 14 of the Dungeon)
 l - a +0 antimagic broad axe
   (Trog gifted it to you on level 2 of the Spider Nest)
 r - a +5 battleaxe of freezing
   (You bought it in a shop on level 2 of the Orcish Mines)
 G - a +3 morningstar of holy wrath
   (You found it on level 12 of the Dungeon)
 S - a +0 demon whip of venom
   (You took it off Amaemon on level 1 of the Lair of Beasts)
 X - a +5 war axe of flaming
   (You found it on level 5 of the Dungeon)
Missiles
 p - 6 javelins
 s - 7 boomerangs of dispersal {!f}
 z - 19 boomerangs (quivered)
 I - 4 curare-tipped darts
 U - 28 poisoned darts
Armour
 c - the +3 pair of gauntlets of War (worn) {Slay+5}
   (You acquired it on level 13 of the Dungeon)

   Slay:      It affects your accuracy & damage with ranged weapons and melee
   (+5).
 y - a +0 hat of intelligence (worn)
   (You took it off Gastronok on level 8 of the Dungeon)
 B - a scarf of repulsion (worn)
   (You found it on level 4 of the Spider Nest)
 E - a +0 plate armour of fire resistance
   (You took it off a human on level 14 of the Dungeon)
 L - +2 storm dragon scales (worn) {Bai Suzhen}
   (You found it on level 3 of the Spider Nest)
 Z - a +2 pair of boots (worn)
   (You found it on level 4 of the Spider Nest)
Jewellery
 F - a ring of protection from fire
   (You found it on level 11 of the Dungeon)
 J - a +5 ring of evasion (right hand)
   (You found it on level 7 of the Dungeon)
 P - a ring of poison resistance (left hand)
   (You found it on level 1 of the Dungeon)
 R - a +6 ring of dexterity
   (You found it on level 1 of the Lair of Beasts)
 V - the ring of Truth {rC+ rN+ MP+9 Str+2}
   (You took it off a necromancer in an ice cave)

   [ring of positive energy]

   Str:       It affects your strength (+2).
   rC:        It protects you from cold.
   rN:        It protects you from negative energy.
   MP:        It affects your magic capacity (+9).
 Y - an amulet of reflection (around neck)
   (You found it on level 13 of the Dungeon)
Wands
 d - a wand of iceblast (18)
   (You found it in an ice cave)
 f - a wand of flame (89)
   (You found it on level 4 of the Dungeon)
 u - a wand of paralysis (2)
   (You found it on level 3 of the Dungeon)
 x - a wand of acid (4)
   (You found it on level 7 of the Dungeon)
 D - a wand of digging (17)
   (You found it on level 4 of the Dungeon)
 W - a wand of polymorph (2)
   (You found it on level 1 of the Elven Halls)
Scrolls
 e - 4 scrolls of fear
 h - a scroll of silence
 i - 5 scrolls of identify {@r1}
 j - 4 scrolls of blinking
 m - 3 scrolls of magic mapping
 t - 6 scrolls of teleportation {@r4}
 v - 5 scrolls of immolation {!r}
 A - 3 scrolls of poison {!r}
Potions
 n - a potion of invisibility
 o - 7 potions of ambrosia
 q - 4 potions of attraction {!q}
 w - 2 potions of flight
 C - 2 potions of haste {@q3}
 H - a potion of might
 K - 6 potions of heal wounds {@q2}
 M - 3 potions of cancellation
 N - 2 potions of lignification {!q}
 O - 12 potions of curing {@q1}
 Q - 2 potions of resistance
Miscellaneous
 k - a phantom mirror
   (You found it on level 13 of the Dungeon)


   Skills:
 + Level 15.7 Fighting
 - Level 20.0 Axes
 - Level 18.0 Ranged Weapons
 + Level 3.5 Throwing
 * Level 13.3 Armour
 + Level 4.5 Dodging
 + Level 6.0 Stealth
 - Level 10.0 Shields
 + Level 8.9 Evocations


You had 16 spell levels left.
You didn't know any spells.
Your spell library was empty.

Dungeon Overview and Level Annotations

Branches:
Dungeon (15/15)            Temple (0/1) D:7            Lair (5/5) D:8
  Swamp (1/4) Lair:2       Spider (4/4) Lair:2        Slime (0/5) Lair:5
    Orc (2/2) D:11            Elf (1/3) Orc:2        Vaults (0/5) D:14
 Depths (0/4) D:15          IceCv (visited)

Altars:
Dithmenos
Elyvilon
Qazlal
Sif Muna

Shops:
D:9 *   D:15 *   Orc:2 *(!(


Innate Abilities, Weirdness & Mutations

You have a pair of horns on your head.
You reflexively headbutt those who attack you in melee.
You sometimes lose your temper in combat.
You are clumsy. (Dex -2)
Your muscles are strong. (Str +4, Int/Dex -1)


Message History

You burn the spriggan. The bunyip misses you. You furiously retaliate!
You headbutt the bunyip. The bunyip claws you! x2
The spriggan druid hits you but does no damage.
The four-headed hydra bites you but does no damage. x2
The four-headed hydra barely misses you. x2
You hack one of the four-headed hydra's heads off!
The flame cauterises the wound!
You slice the three-headed hydra!! You burn the three-headed hydra!
You kill the three-headed hydra!
Trog accepts your kill.
You hit the bunyip. You burn the bunyip. You hit the spriggan druid.
You burn the spriggan druid. You slash the spriggan! You burn the spriggan.
The spriggan splashes around in the water.
The spriggan druid points at you and mumbles some strange words.
The stone arrow is repelled.
Your +5 war axe of flaming stops flaming.
a - a +4 heavy broad axe (weapon)
You open the spriggan druid like a pillowcase!!!
With its final breath, the spriggan druid offers up its power to the beasts of the wild!
The bunyip is healed.
The tyrant leech seems to grow more fierce.
The bunyip seems to grow more fierce.
You kill the spriggan druid!
Trog accepts your kill.
Trog appreciates your killing of a magic user.
You hear a splash. x2
You open the spriggan like a pillowcase!!!
You kill the spriggan!
Trog accepts your kill.
You hear a splash. x2
You slash the bog body! You closely miss the bunyip.
The bog body closely misses you. The tyrant leech misses you.
You slash the tyrant leech! The spriggan blocks your attack.
You slash the bog body! You slice the bunyip!! The bunyip claws you!!!
The bunyip barely misses you. The bunyip claws you!!!
* * * LOW HITPOINT WARNING * * *
The bog body misses you.
You barely miss the tyrant leech. You closely miss the bog body.
You slice the bunyip!! You slash the spriggan!
The spriggan splashes around in the water.
The tyrant leech bites you!!
* * * LOW HITPOINT WARNING * * *
The tyrant leech draws strength from your injuries!
The bog body touches you but does no damage.
Unknown command.
You slash the tyrant leech! You headbutt the tyrant leech.
The spriggan blocks your attack.
You closely miss the bog body. You slash the bunyip!
The spriggan closely misses you. You furiously retaliate!
You headbutt the spriggan. The tyrant leech bites you!!
You die...

~~~... ..~~ ~.♣...
♣♣~.~~. ♣~~...♣♣♣~♣~.~~.
../..........~~~.
~~~~~~~~~~~....~.
~~~~~~~~~~~♣..~~♣
~~.~~§~xwi)~.~~.♣
~~~~.§§~~@n♣ ~~ ♣.
..~†~.....~~♣ ~~~ ♣~♣♣
♣♣.....~~...♣♣♣~... ♣~~~
♣.~~~~~~~~.♣~~.....
.~..♣♣.~~§~~~~~.....~..~
♣~....~~~~~..~~.......~
♣♣.....~~§~~.....§~♣♣♣.~
♣....~.~~~~§.§..~~~.♣ .
♣♣.~...)~~~~~....~~.~♣


You could see a bunyip (strong), a tyrant leech (strong), a bog body and a
spriggan.

Vanquished Creatures
  Bai Suzhen (Spider:3)
  Arachne (Spider:2)
  Agnes (Spider:3)
  Frances (Spider:2)
  Gastronok (D:8)
  Kirke (Spider:4)
  Donald (Spider:1)
  2 emperor scorpions (Spider:4)
  2 ghost moths
  The ghost of olddryhag the Carver, a journeyman DsGl of Wu Jian (Orc:2)
  3 broodmothers
  2 spark wasps
  The ghost of lunkers the Wallflower, a journeyman MeGl of Uskayaw (Lair:5)
  8 entropy weavers
  2 vault guards (D:14)
  4 hydras
  2 radroaches
  A death knight (D:14)
  5 centaur warriors
  2 jorogumos
  4 catoblepae
  6 boulder beetles
  9 death yaks (Lair:5)
  An alligator (Swamp:1)
  2 dancing weapons (Elf:1)
  2 two-headed ogres
  An orc high priest (Orc:1)
  4 tengu warriors (D:13)
  2 deep elf knights (Elf:1)
  Amaemon (Lair:1)
  5 pharaoh ants
  2 sun moths (Spider:4)
  7 orb spiders
  2 spriggan druids (Swamp:1)
  Pikel (D:7)
  2 bog bodies (Swamp:1)
  5 deep elf archers (Elf:1)
  A swamp dragon (Swamp:1)
  4 harpies (D:13)
  11 deep elf zephyrmancers
  3 necromancers
  A wizard (D:14)
  4 orc knights
  6 deep elf pyromancers
  6 wolf spider zombies (Spider:2)
  A phantasmal warrior (D:13)
  13 steelbarb worms
  9 ugly things
  16 wolf spiders
  5 cyclopes
  5 orc sorcerers
  4 elephants (Lair:5)
  A moth of wrath (shapeshifter) (D:13)
  3 oklob plants (Lair:2)
  2 moths of wrath (Spider:3)
  6 black mambas
  A centaur zombie (D:15)
  6 manticores
  15 demonic crawlers
  An ice statue (IceCv)
  An orange demon (Lair:2)
  A naga mage (D:15)
  5 torpor snails
  An unseen horror (D:12)
  Psyche (D:9)
  7 cane toads
  2 centaur skeletons (D:15)
  7 redback zombies (Spider:2)
  An unseen horror (shapeshifter) (D:15)
  A kobold demonologist (D:13)
  4 anaconda simulacra (IceCv)
  2 freezing wraiths
  7 komodo dragons
  4 rime drakes
  2 efreet (D:15)
  13 ice devils (IceCv)
  5 trolls
  8 meliai
  A polar bear (Lair:1)
  A tyrant leech (Swamp:1)
  16 blink frogs
  A wolf spider simulacrum (D:15)
  10 tarantellas
  2 culicivora zombies (Spider:2)
  10 tarantella zombies (Spider:2)
  9 slime creatures
  Sigmund (D:2)
  13 jumping spiders
  14 culicivoras
  2 shadows (D:11)
  A centaur simulacrum (D:15)
  2 spriggans (Swamp:1)
  A dire elephant simulacrum (IceCv)
  2 vampires
  2 air elementals (Elf:1)
  5 hogs
  3 wraiths
  6 wyverns
  9 humans (D:14)
  2 steam dragons
  16 vampire mosquitoes
  3 death yak simulacra (IceCv)
  54 yaks
  8 basilisks
  Grum (D:11)
  31 redbacks
  Menkaure (D:7)
  A warg (Orc:2)
  3 swamp worms (Swamp:1)
  4 water moccasins
  An acid dragon (D:10)
  3 hydra simulacra (IceCv)
  A floating eye (Lair:2)
  4 ice beasts
  A swamp drake (Swamp:1)
  2 sky beasts (D:7)
  26 orc warriors
  2 black bears
  5 wolves
  14 centaurs
  11 ogres
  4 lemures (D:7)
  A kobold brigand (D:7)
  12 bullfrogs
  2 necrophages (D:7)
  9 cane toad simulacra (IceCv)
  A scorpion (D:5)
  A gnoll sergeant (D:10)
  15 killer bees
  3 elephant simulacra (IceCv)
  5 howler monkeys
  3 electric eels
  17 orc priests
  A gnoll bouda (D:7)
  6 hounds
  4 jellies
  5 iguanas
  33 orc wizards
  4 hell rats (Lair:2)
  A spriggan simulacrum (IceCv)
  3 troll simulacra (IceCv)
  4 polar bear simulacra (IceCv)
  A wolf simulacrum (IceCv)
  Robin (D:3)
  12 gnolls
  2 naga simulacra (IceCv)
  11 adders
  A shadow imp (D:7)
  A white imp (D:7)
  3 ufetubi
  3 dart slugs
  47 orcs
  6 bats
  9 endoplasms
  3 giant cockroaches (D:1)
  14 goblins
  12 hobgoblins
  4 jackals (D:3)
  2 quokkas
  5 ball pythons
  5 frilled lizards
  12 kobolds
  3 rats
890 creatures vanquished.

Vanquished Creatures (collateral kills)
  Mara (Spider:4)
1 creature vanquished.

Vanquished Creatures (others)
  A vault guard (D:14)
  2 humans (Spider:4)
  2 orcs (D:7)
  29 fungi
  55 plants
89 creatures vanquished.

Grand Total: 980 creatures vanquished

Notes
Turn   | Place    | Note
-------+----------+-------------------------------------------
     0 | D:1      | Pooter the Minotaur Berserker began the quest for the Orb.
     0 | D:1      | Reached XP level 1. HP: 19/19 MP: 0/0
   126 | D:1      | Reached XP level 2. HP: 27/27 MP: 1/1
   172 | D:1      | Reached skill level 4 in Axes
   294 | D:1      | Reached skill level 1 in Ranged Weapons
   311 | D:1      | Found a faded altar of an unknown god.
   406 | D:1      | Reached ** piety under Trog
   692 | D:2      | Reached skill level 1 in Stealth
   692 | D:2      | Reached XP level 3. HP: 22/33 MP: 2/2
  1104 | D:2      | Reached XP level 4. HP: 40/40 MP: 3/3
  1181 | D:2      | Noticed Sigmund
  1200 | D:2      | Killed Sigmund
  1201 | D:2      | Reached skill level 5 in Axes
  1201 | D:2      | Reached XP level 5. HP: 34/47 MP: 4/4
  1557 | D:3      | Noticed Robin
  1571 | D:3      | Killed Robin
  1572 | D:3      | Reached XP level 6. HP: 53/53 MP: 5/5
  1879 | D:3      | Found a shimmering blue altar of Sif Muna.
  3368 | D:5      | Entered Level 5 of the Dungeon
  3473 | D:5      | Reached skill level 6 in Axes
  3475 | D:5      | Reached skill level 5 in Fighting
  3477 | D:5      | Reached *** piety under Trog
  3564 | D:5      | Reached skill level 1 in Evocations
  3564 | D:5      | Reached XP level 7. HP: 56/61 MP: 6/6
  3725 | D:5      | HP: 4/91 [ice beast (11)]
  4455 | D:6      | Reached skill level 7 in Axes
  4583 | D:6      | Reached XP level 8. HP: 69/69 MP: 7/7
  4963 | D:6      | Identified the +0 robe "Wel Ary" {Dex+2}
  5427 | D:7      | Reached skill level 8 in Axes
  5615 | D:7      | Noticed Menkaure
  5632 | D:7      | Reached skill level 5 in Shields
  5633 | D:7      | Killed Menkaure
  5634 | D:7      | Reached XP level 9. HP: 78/78 MP: 8/8
  5792 | D:7      | Noticed Pikel
  5802 | D:7      | Killed Pikel
  5803 | D:7      | Reached skill level 9 in Axes
  5803 | D:7      | Reached skill level 5 in Ranged Weapons
  6482 | D:7      | Found a staircase to the Ecumenical Temple.
  6526 | D:8      | Noticed a troll
  6618 | D:7      | Killed a troll
  6619 | D:7      | Reached skill level 10 in Axes
  6750 | D:7      | Reached XP level 10. HP: 86/86 MP: 9/9
  6990 | D:8      | Found a staircase to the Lair.
  7520 | D:8      | Noticed Gastronok
  7534 | D:8      | Killed Gastronok
  7860 | D:8      | Reached skill level 11 in Axes
  8202 | D:9      | Noticed a brown ugly thing
  8406 | D:9      | Found Baavob's Assorted Antiques.
  8429 | D:9      | Noticed Psyche
  8436 | D:9      | Killed Psyche
  8647 | D:9      | Reached skill level 5 in Armour
  8753 | D:9      | Reached XP level 11. HP: 86/95 MP: 10/10
  9190 | D:10     | Entered Level 10 of the Dungeon
  9371 | D:10     | Noticed a two-headed ogre
  9428 | D:10     | Reached skill level 12 in Axes
  9549 | D:10     | Killed a two-headed ogre
  9565 | D:10     | Found a shadowy altar of Dithmenos.
  9572 | D:10     | Found a stormy altar of Qazlal.
  9683 | D:10     | Reached **** piety under Trog
 10756 | Lair:1   | Entered Level 1 of the Lair of Beasts
 11087 | Lair:1   | Noticed a boulder beetle
 11107 | Lair:1   | Killed a boulder beetle
 11128 | Lair:1   | Reached skill level 13 in Axes
 11775 | Lair:1   | Noticed a six-headed hydra
 11787 | Lair:1   | Killed a three-headed hydra
 11788 | Lair:1   | Reached XP level 12. HP: 51/106 MP: 11/11
 12258 | Lair:2   | Noticed Amaemon
 12267 | Lair:1   | Killed Amaemon
 12268 | Lair:1   | Reached skill level 10 in Ranged Weapons
 13104 | Lair:2   | Reached skill level 10 in Fighting
 13165 | Lair:2   | Found a hole to the Spider Nest.
 13185 | Lair:2   | Found a staircase to the Swamp.
 13985 | Lair:3   | Reached skill level 14 in Axes
 14030 | Lair:3   | Gained mutation: You have sharp toenails. [potion of
                  | mutation]
 14030 | Lair:3   | Gained mutation: Your magical capacity is low. (-10% MP)
                  | [potion of mutation]
 14777 | Lair:4   | Reached skill level 10 in Shields
 14830 | Lair:4   | Noticed a six-headed hydra
 14833 | Lair:4   | Noticed a boulder beetle
 15017 | Lair:4   | Killed a three-headed hydra
 15152 | Lair:4   | Killed a boulder beetle
 15153 | Lair:4   | Reached XP level 13. HP: 87/115 MP: 10/10
 15922 | Lair:5   | Entered Level 5 of the Lair of Beasts
 16026 | Lair:5   | Found a runed translucent door.
 16027 | Lair:5   | Found a staircase to the Slime Pits.
 16187 | Lair:5   | Found a runed translucent door.
 16193 | Lair:5   | Noticed lunkers's ghost (journeyman MeGl)
 16224 | Lair:5   | Killed lunkers's ghost
 16230 | Lair:5   | Identified the +2 arbalest "Leviticus" {antimagic, Drain
                  | rF++ Int+5 SInv}
 16416 | Lair:5   | Reached skill level 15 in Axes
 17451 | Lair:5   | Reached skill level 16 in Axes
 17624 | Lair:5   | Identified the -2 cloak "Nopedgh" {Str+4}
 18083 | D:11     | Found a staircase to the Orcish Mines.
 18160 | Orc:1    | Entered Level 1 of the Orcish Mines
 18579 | Orc:2    | Entered Level 2 of the Orcish Mines
 18580 | Orc:2    | Found a staircase to the Elven Halls.
 18608 | Orc:2    | Reached skill level 10 in Armour
 18800 | Orc:1    | Reached XP level 14. HP: 126/126 MP: 11/11
 19897 | Orc:2    | Found Omurride's Distillery.
 19897 | Orc:2    | Found Dikhytt's Assorted Antiques.
 19900 | Orc:2    | Found Sobroupt's Antique Weapon Boutique.
 19902 | Orc:2    | Found Cium's Weapon Shop.
 19905 | Orc:2    | Bought a potion of curing for 42 gold pieces
 19905 | Orc:2    | Bought a potion of invisibility for 112 gold pieces
 19905 | Orc:2    | Bought a potion of haste for 140 gold pieces
 19905 | Orc:2    | Bought a potion of curing for 42 gold pieces
 19905 | Orc:2    | Bought a potion of curing for 42 gold pieces
 19906 | Orc:2    | Bought a scroll labelled FIUZYAM LATO for 16 gold pieces
 19906 | Orc:2    | Bought a potion of cancellation for 128 gold pieces
 19909 | Orc:2    | Bought a fine longbow for 287 gold pieces
 19909 | Orc:2    | Identified the +4 longbow of Shrieking Terror {drain,
                  | Int+5} (You bought it in a shop on level 2 of the Orcish
                  | Mines)
 19909 | Orc:2    | Bought a runed battleaxe for 237 gold pieces
 19909 | Orc:2    | Bought a runed arbalest for 187 gold pieces
 19949 | Orc:2    | Noticed olddryhag's ghost (journeyman DsGl)
 19951 | Orc:2    | Found a runed translucent gate.
 19952 | Orc:2    | Found a runed translucent gate.
 19954 | Orc:2    | Found a runed translucent gate.
 20431 | Orc:2    | Killed olddryhag's ghost
 20617 | D:11     | Noticed Grum
 20623 | D:11     | Killed Grum
 21313 | D:11     | Identified the +6 falchion of Ifoadam {flame, rPois}
 21643 | D:12     | Found a frozen archway.
 21657 | IceCv    | Entered an ice cave
 22677 | IceCv    | Found an ancient bone altar of Kikubaaqudgha.
 22970 | IceCv    | Identified the ring of Truth {rC+ rN+ MP+9 Str+2}
 22987 | IceCv    | Reached skill level 5 in Evocations
 23208 | D:12     | Upgraded the game from 0.30-a0-760-g5a9884bb7c to
                  | 0.30-a0-772-g5528072125
 23623 | D:12     | Found a white marble altar of Elyvilon.
 23990 | D:13     | Reached skill level 17 in Axes
 24465 | D:13     | Reached skill level 15 in Ranged Weapons
 24881 | D:13     | Reached ***** piety under Trog
 25521 | D:13     | Acquired the +3 pair of gauntlets of War {Slay+5}
 25521 | D:13     | Found the +3 pair of gauntlets of War {Slay+5}
 25758 | D:13     | Reached XP level 15. HP: 34/136 MP: 12/12
 27896 | D:14     | Found a gate to the Vaults.
 28061 | D:15     | Entered Level 15 of the Dungeon
 28084 | D:15     | Found Ydatep's Assorted Antiques.
 28143 | D:15     | Bought a potion of might for 140 gold pieces
 28143 | D:15     | Bought a scroll of identify for 70 gold pieces
 28143 | D:15     | Bought a scroll of identify for 70 gold pieces
 28143 | D:15     | Bought a scroll of poison for 140 gold pieces
 28528 | D:15     | Identified the +7 spear "Vecwer" {spect, Will++}
 28672 | D:15     | Reached skill level 18 in Axes
 29589 | D:15     | Found a staircase to the Depths.
 29612 | D:15     | Paralysed by an orc sorcerer for 4 turns
 30287 | Elf:1    | Entered Level 1 of the Elven Halls
 30781 | Elf:1    | Paralysed by an air elemental for 1 turns
 30785 | Elf:1    | Paralysed by an air elemental for 1 turns
 30802 | Elf:1    | Paralysed by an air elemental for 1 turns
 30949 | Elf:1    | Noticed an Executioner
 31158 | Spider:1 | Entered Level 1 of the Spider Nest
 31160 | Spider:1 | Lost mutation: You have sharp toenails. [potion of
                  | mutation]
 31160 | Spider:1 | Lost mutation: Your magical capacity is low. (-10% MP)
                  | [potion of mutation]
 31160 | Spider:1 | Gained mutation: You are vulnerable to cold. (rC-) [potion
                  | of mutation]
 31160 | Spider:1 | Gained mutation: Your mind is acute. (Int +4, Str/Dex -1)
                  | [potion of mutation]
 31161 | Spider:1 | Lost mutation: Your mind is acute. (Int +4, Str/Dex -1)
                  | [potion of mutation]
 31161 | Spider:1 | Lost mutation: You are vulnerable to cold. (rC-) [potion of
                  | mutation]
 31161 | Spider:1 | Gained mutation: Your flesh is cold resistant. (rC+)
                  | [potion of mutation]
 31162 | Spider:1 | Lost mutation: Your flesh is cold resistant. (rC+) [potion
                  | of mutation]
 31162 | Spider:1 | Gained mutation: You are clumsy. (Dex -2) [potion of
                  | mutation]
 31162 | Spider:1 | Gained mutation: Your muscles are strong. (Str +4, Int/Dex
                  | -1) [potion of mutation]
 31162 | Spider:1 | Gained mutation: You sometimes lose your temper in combat.
                  | [potion of mutation]
 33007 | Spider:2 | Reached XP level 16. HP: 145/147 MP: 15/15
 33500 | Spider:2 | Reached skill level 19 in Axes
 33563 | Spider:2 | Identified the +4 falchion of the Modern Invaders {heavy,
                  | rElec rC++ Will- Dex+3}
 33625 | Spider:2 | Noticed Donald
 33690 | Spider:1 | Killed Donald
 34835 | Spider:2 | Noticed Arachne
 34846 | Spider:2 | Killed Arachne
 34869 | Spider:2 | Noticed Frances
 34878 | Spider:2 | Killed Frances
 35089 | Spider:2 | Received a gift from Trog
 36307 | Spider:3 | Noticed Bai Suzhen
 36326 | Spider:3 | Killed Bai Suzhen
 36616 | Spider:3 | Reached skill level 15 in Fighting
 36994 | Spider:4 | Entered Level 4 of the Spider Nest
 36994 | Spider:4 | Noticed Agnes
 37004 | Spider:3 | Paralysed by a jorogumo for 3 turns
 37040 | Spider:4 | Noticed Mara
 37046 | Spider:3 | Killed Agnes
 37275 | Spider:4 | Noticed Pooter's illusion
 37660 | Spider:4 | Reached skill level 20 in Axes
 37974 | Spider:3 | Reached skill level 5 in Stealth
 38010 | Spider:4 | Noticed Kirke
 38016 | Spider:4 | Killed Kirke
 38169 | Spider:4 | Noticed Pooter's illusion
 38300 | Spider:4 | Noticed Pooter's illusion
 38308 | Spider:4 | Killed Mara
 38309 | Spider:4 | Reached skill level 1 in Throwing
 38309 | Spider:4 | Reached XP level 17. HP: 34/156 MP: 16/16
 41252 | Spider:4 | Got a gossamer rune of Zot
 41285 | Spider:4 | Identified the +0 glaive of Compassion {freeze, rCorr MP+9}
 41495 | Swamp:1  | Entered Level 1 of the Swamp
 41688 | Swamp:1  | Slain by a tyrant leech

Illustrated notes

Levels and vault maps discovered:
D:1:      minmay_arrival_five_plusses, layout_rooms,
          hellmonk_ecumenical_altar_lost_god
D:2:      layout_loops_ring, grunt_ministairs_4, uniq_sigmund
D:3:      layout_basic, kennysheep_orc_sif_temple, uniq_robin
D:4:      layout_loops_cross, minmay_statues_item
D:5:      layout_loops_ring, minmay_crystal_room
D:6:      layout_loops_ring
D:7:      layout_rooms, temple_hall, minmay_increasing_density, uniq_pikel,
          uniq_menkaure
D:8:      layout_loops_corners, erik_lair_island, serial_bayou_lagoon_a,
          uniq_gastronok
D:9:      layout_irregular_city, serial_shops, nicolae_take_the_stairs,
          onia_ninara_dug_in_and_dangerous, uniq_psyche
D:10:     layout_stronghold, mainiacjoe_overflow_large_starburst, st_stairs_13,
          minmay_tree_intersection
D:11:     layout_basic, grunt_ministairs_2, uniq_grum
D:12:     layout_roguey, portal_ice_cave_rime, elyvilon_altar_5
D:13:     layout_basic, hangedman_aviary
D:14:     layout_basic, ximxim_vaults_locker_room, hangedman_decor_peaks_small,
          dk_noncrumbling_4
D:15:     grunt_enter_depths_magical_seal, layout_loops_ring,
          columned_hall_lemuel, serial_shops, shop, corexii_corridor_pit
Lair:1:   layout_cave_pods
Lair:2:   layout_misc_corridors, swamp_mist, hellmonk_spider_entry_not_the_bees,
          disabler_island, uniq_amaemon
Lair:3:   layout_misc_corridors
Lair:4:   layout_cave_pods
Lair:5:   evilmike_catoblepas_cave, layout_long_grid, slime_entry_2,
          ebering_ghost_reflecting_pool, chequers_serial_rivers_large_a
Swamp:1:  layout_basic_swamp, nicolae_swamp_big_swirl
Spider:1: layout_spider_delve
Spider:2: lemuel_spider_zombies, nicolae_crawler_farm, uniq_arachne,
          uniq_donald, uniq_frances
Spider:3: layout_spider_delve, uniq_bai_suzhen
Spider:4: hellmonk_spider_rune_bug_friends, nicolae_spider_spiderdrome,
          uniq_mara, uniq_agnes, uniq_kirke
Orc:1:    layout_caves, nicolae_orc_tapped_out
Orc:2:    st_orc_mages, layout_caves, basic_altar, gammafunk_ghost_split
Elf:1:    minmay_elf_arrival_circle, layout_gridlike, minmay_elf_annihilation

Skill      XL: |  1  2  3  4  5  6  7  8  9 10 11 12 13 14 15 16 17 |
---------------+----------------------------------------------------+-----
Axes           | 4 5 6 7 8 10 11 13 14 16 17 18 20 | 20.0
Ranged Weapons | 1 2 3 4 5 7 9 11 13 15 16 18 | 18.0
Fighting       | 4 5 6 7 8 9 10 12 13 14 15 | 15.7
Stealth        | 1 2 3 4 5 6 |  6.0
Shields        | 2 3 5 6 7 9 10 | 10.0
Evocations     | 1 2 3 4 5 7 8 |  8.9
Armour         | 3 5 6 8 10 11 12 13 | 13.3
Throwing       | 1 3 |  3.5
Dodging        | 4 |  4.5

Action                     |  1- 3 |  4- 6 |  7- 9 | 10-12 | 13-15 | 16-18 || total
---------------------------+-------+-------+-------+-------+-------+-------++-------
  Melee: Hand axe          |    56 |   104 |       |       |       |       ||   160
         Headbutt          |     4 |    14 |    28 |    76 |   158 |    63 ||   343
         War axe           |       |    16 |   154 |   390 |   336 |     5 ||   901
         Demon whip        |       |       |       |    10 |       |       ||    10
         Battleaxe         |       |       |       |       |   191 |       ||   191
         Broad axe         |       |       |       |       |   171 |   323 ||   494
         Punch             |       |       |       |       |     1 |     2 ||     3
   Fire: Sling             |       |    28 |    43 |   137 |   116 |       ||   324
         Arbalest          |       |       |       |       |   310 |   206 ||   516
  Throw: Stone             |    13 |       |       |       |       |       ||    13
         Throwing net      |       |     1 |       |       |       |       ||     1
         Javelin           |       |       |     2 |       |       |       ||     2
         Boomerang         |       |       |    15 |    18 |    26 |     6 ||    65
         Dart              |       |       |       |     2 |       |     3 ||     5
 Invoke: Berserk           |     1 |     4 |     9 |    12 |    26 |    18 ||    70
         Trog's Hand       |       |     4 |     4 |    17 |    47 |    15 ||    87
  Evoke: Wand              |       |     1 |     5 |    12 |    23 |    23 ||    64
         Phantom mirror    |       |       |       |       |       |     3 ||     3
    Use: Scroll            |     4 |     1 |     9 |    14 |    14 |     6 ||    48
         Potion            |       |       |       |     5 |     8 |     9 ||    22
   Stab: Paralysed         |       |       |     3 |     7 |     4 |     8 ||    22
         Invisible         |       |       |       |       |       |     1 ||     1
 Armour: Animal skin       |     6 |       |       |       |       |       ||     6
         Scale mail        |     7 |    57 |    32 |       |       |       ||    96
         Chain mail        |       |       |    34 |   166 |   259 |       ||   459
         Plate armour      |       |       |       |       |    88 |   144 ||   232
         Storm dragon scal |       |       |       |       |       |   258 ||   258
  Dodge: Dodged            |    20 |    33 |    54 |   229 |   371 |   392 ||  1099
         Repelled          |       |       |       |       |       |     2 ||     2
  Block: Kite shield       |     9 |    46 |    89 |   241 |    21 |       ||   406
         Tower shield      |       |       |       |       |   234 |       ||   234
         Other             |       |       |       |       |    66 |   123 ||   189
         Reflection        |       |       |       |       |    10 |       ||    10

Table legend: (Time is in decaauts)
 A = Elapsed time spent in this place.
 B = Non-inter-level travel time spent in this place.
 C = Inter-level travel time spent in this place.
 D = Time resting spent in this place.
 E = Time spent auto-exploring this place.
 F = Levels seen in this place.
 G = Mean time per level.
                   A        B        C        D        E       F      G
               +--------+--------+--------+--------+--------+-----+--------+
         Total |  42746 |  40980 |   1766 |  18151 |  15690 |  29 | 1474.0 |
       Dungeon |  19685 |  18690 |    995 |   6608 |   9186 |  15 | 1312.3 |
          Lair |   7533 |   7098 |    435 |   2186 |   3580 |   5 | 1506.6 |
         Swamp |    200 |    200 |      0 |     68 |     49 |   1 |  200.0 |
   Spider Nest |  10600 |  10338 |    262 |   7078 |   1749 |   4 | 2650.0 |
  Orcish Mines |   2520 |   2449 |     71 |    837 |    802 |   2 | 1260.0 |
   Elven Halls |    622 |    622 |      0 |    305 |      0 |   1 |  622.0 |
      Ice Cave |   1583 |   1583 |      0 |   1067 |    323 |   1 | 1583.0 |
               +--------+--------+--------+--------+--------+-----+--------+

Top non-repeatable levels by time:
Spider:3: 4024 daAuts
Spider:2: 2747 daAuts
Spider:1: 2470 daAuts
    D:14: 2238 daAuts
    D:13: 2051 daAuts
  Lair:5: 1969 daAuts
    D:15: 1757 daAuts
     D:8: 1715 daAuts
  Lair:1: 1715 daAuts
  Lair:2: 1659 daAuts
   IceCv: 1583 daAuts
    D:10: 1474 daAuts
     D:7: 1465 daAuts
   Orc:2: 1417 daAuts
Spider:4: 1358 daAuts
